TOP OF THE 1ST |
Michigan Wolverines batting - Pitching for Ohio State Buckeyes : RHP Andrew Dodson
|
Pitching: RHP Andrew Dodson
|
|
Batting: RHB Paul Gordon
|
0-0: Ball 1-0: Ball 2-0: Ball 3-0: Base on Balls
|
Batting: RHB Enrique Ferreira
|
0-0: Called Strike 0-1: Ball 1-1: Fly out, F9 (Flyball, 89S)
|
Batting: RHB Patrick Potts
|
0-0: Swinging Strike 0-1: Ball 1-1: Ball 2-1: Foul Ball, location: 2F 2-2: Ball 3-2: Strikes out swinging
|
Batting: LHB Sergio Luna
|
0-0: Ball Paul Gordon is caught stealing 2nd base
|
Top of the 1st over - 0 run(s), 0 hit(s), 0 error(s), 0 left on base; Michigan 0 - Ohio State 0 |
BOTTOM OF THE 1ST |
Ohio State Buckeyes batting - Pitching for Michigan Wolverines : RHP Javier Rico
|
Pitching: RHP Javier Rico
|
|
Batting: SHB Thomas Simmons
|
0-0: Ball 1-0: Called Strike 1-1: Foul Ball, location: 2F 1-2: Ball 2-2: Strikes out swinging
|
Batting: RHB Gabriel Soto
|
0-0: Called Strike 0-1: Ball 1-1: Ball 2-1: Ball 3-1: Called Strike 3-2: Strikes out swinging
|
Batting: LHB Frank García
|
0-0: Called Strike 0-1: Swinging Strike 0-2: Strikes out looking
|
Bottom of the 1st over - 0 run(s), 0 hit(s), 0 error(s), 0 left on base; Michigan 0 - Ohio State 0 |
TOP OF THE 2ND |
Michigan Wolverines batting - Pitching for Ohio State Buckeyes : RHP Andrew Dodson
|
Batting: LHB Sergio Luna
|
0-0: Ball 1-0: Ball 2-0: Foul Ball, location: 2F 2-1: SINGLE (Groundball, 56)
|
Batting: SHB Denver Harmon
|
0-0: Ball 1-0: Called Strike 1-1: Ball 2-1: Ball Sergio Luna steals 2nd base 3-1: Base on Balls
|
Batting: LHB Christian Peterson
|
0-0: Grounds into double play, 6-4-3 (Groundball, 6) Sergio Luna to third
|
Batting: RHB Mario Silva
|
0-0: Hit by Pitch
|
Batting: RHB Ray Robertson
|
0-0: Ball 1-0: Ball 2-0: Fielders Choice at 2nd, 5-4 (Groundball, 56)
|
Top of the 2nd over - 0 run(s), 1 hit(s), 0 error(s), 1 left on base; Michigan 0 - Ohio State 0 |
BOTTOM OF THE 2ND |
Ohio State Buckeyes batting - Pitching for Michigan Wolverines : RHP Javier Rico
|
Batting: RHB Júlio Morales
|
0-0: Ground out 1-3 (Groundball, 3S)
|
Batting: SHB Jorge Rodríguez
|
0-0: SINGLE (Groundball, 6M)
|
Batting: SHB Devin Smith
|
0-0: Called Strike 0-1: Ball 1-1: Called Strike 1-2: Strikes out looking
|
Batting: SHB Tony Patterson
|
0-0: Called Strike 0-1: Called Strike 0-2: Fly out, F7 (Flyball, 7S)
|
Bottom of the 2nd over - 0 run(s), 1 hit(s), 0 error(s), 1 left on base; Michigan 0 - Ohio State 0 |
TOP OF THE 3RD |
Michigan Wolverines batting - Pitching for Ohio State Buckeyes : RHP Andrew Dodson
|
Batting: SHB Juan Carlos Mesa
|
0-0: Called Strike 0-1: Ball 1-1: Swinging Strike 1-2: Ball 2-2: Fly out, F8 (Flyball, 8LS)
|
Batting: RHB Paul Gordon
|
0-0: Swinging Strike 0-1: Foul Ball, location: 2F 0-2: Strikes out swinging
|
Batting: RHB Enrique Ferreira
|
0-0: Ball 1-0: Ball 2-0: Ball 3-0: Base on Balls
|
Batting: RHB Patrick Potts
|
0-0: Called Strike 0-1: Swinging Strike 0-2: Foul Ball, location: 2F 0-2: Strikes out looking
|
Top of the 3rd over - 0 run(s), 0 hit(s), 0 error(s), 1 left on base; Michigan 0 - Ohio State 0 |
BOTTOM OF THE 3RD |
Ohio State Buckeyes batting - Pitching for Michigan Wolverines : RHP Javier Rico
|
Now in CF: Norman Calver
|
|
Batting: LHB Matt Ruskin
|
0-0: Called Strike 0-1: Ground out 4-3 (Groundball, 4M)
|
Batting: RHB Santiago Gutiérrez
|
0-0: Called Strike 0-1: Foul Ball, location: 2F 0-2: Foul Ball, location: 2F 0-2: Strikes out swinging
|
Batting: SHB Thomas Simmons
|
0-0: Called Strike 0-1: Foul Ball, location: 2F 0-2: Foul Ball, location: 2F 0-2: Foul Ball, location: 2F 0-2: Ball 1-2: Strikes out looking
|
Bottom of the 3rd over - 0 run(s), 0 hit(s), 0 error(s), 0 left on base; Michigan 0 - Ohio State 0 |
TOP OF THE 4TH |
Michigan Wolverines batting - Pitching for Ohio State Buckeyes : RHP Andrew Dodson
|
Batting: LHB Sergio Luna
|
0-0: Ball 1-0: Called Strike 1-1: Fly out, F8 (Flyball, 8LD)
|
Batting: SHB Denver Harmon
|
0-0: Ball 1-0: Fly out, F4 (Popup, 4MS)
|
Batting: LHB Christian Peterson
|
0-0: Ball 1-0: Ground out 1-3 (Groundball, 13S)
|
Top of the 4th over - 0 run(s), 0 hit(s), 0 error(s), 0 left on base; Michigan 0 - Ohio State 0 |
BOTTOM OF THE 4TH |
Ohio State Buckeyes batting - Pitching for Michigan Wolverines : RHP Javier Rico
|
Batting: RHB Gabriel Soto
|
0-0: DOUBLE (Line Drive, 7LM)
|
Batting: LHB Frank García
|
0-0: Swinging Strike 0-1: Called Strike 0-2: Foul Ball, location: 2F 0-2: Fly out, F8 (Flyball, 8RM)
|
Batting: RHB Júlio Morales
|
0-0: Called Strike 0-1: Foul Ball, location: 2F 0-2: Ball 1-2: Fly out, F9 (Flyball, 9LS)
|
Batting: SHB Jorge Rodríguez
|
0-0: Ball 1-0: Called Strike 1-1: Ball 2-1: Swinging Strike 2-2: Fly out, F4 (Popup, 3DF)
|
Bottom of the 4th over - 0 run(s), 1 hit(s), 0 error(s), 1 left on base; Michigan 0 - Ohio State 0 |
TOP OF THE 5TH |
Michigan Wolverines batting - Pitching for Ohio State Buckeyes : RHP Andrew Dodson
|
Batting: RHB Mario Silva
|
0-0: Called Strike 0-1: Foul Ball, location: 2F 0-2: Strikes out looking
|
Batting: RHB Ray Robertson
|
0-0: Swinging Strike 0-1: Ball 1-1: Ground out 2-3 (Groundball, 25)
|
Batting: SHB Juan Carlos Mesa
|
0-0: Called Strike 0-1: Ball 1-1: Ball 2-1: SINGLE (Groundball, 4MD)
|
Batting: RHB Paul Gordon
|
0-0: Ball 1-0: Foul Ball, location: 2F 1-1: SINGLE (Line Drive, 78M) Juan Carlos Mesa to second
|
Batting: RHB Enrique Ferreira
|
0-0: Ball 1-0: Ball 2-0: Swinging Strike 2-1: Foul Ball, location: 2F 2-2: Ball 3-2: Ground out 5-3 (Groundball, 5)
|
Top of the 5th over - 0 run(s), 2 hit(s), 0 error(s), 2 left on base; Michigan 0 - Ohio State 0 |
BOTTOM OF THE 5TH |
Ohio State Buckeyes batting - Pitching for Michigan Wolverines : RHP Javier Rico
|
Batting: SHB Devin Smith
|
0-0: SOLO HOME RUN (Flyball, 7D), Distance : 366 ft
|
Batting: SHB Tony Patterson
|
0-0: Called Strike 0-1: Ball 1-1: Ball 2-1: Ball 3-1: Fly out, F9 (Flyball, 9M)
|
Batting: LHB Matt Ruskin
|
0-0: Ball 1-0: Bunted foul 1-1: Ball 2-1: Fly out, F9 (Popup, 4D)
|
Batting: RHB Santiago Gutiérrez
|
0-0: Ball 1-0: Called Strike 1-1: Called Strike 1-2: Ball 2-2: Strikes out looking
|
Bottom of the 5th over - 1 run(s), 1 hit(s), 0 error(s), 0 left on base; Michigan 0 - Ohio State 1 |
TOP OF THE 6TH |
Michigan Wolverines batting - Pitching for Ohio State Buckeyes : RHP Andrew Dodson
|
Batting: RHB Norman Calver
|
0-0: Called Strike 0-1: Ball 1-1: Ball 2-1: Foul Ball, location: 2F 2-2: Ball 3-2: Strikes out swinging
|
Batting: LHB Sergio Luna
|
0-0: Foul Ball, location: 2F 0-1: Ball 1-1: Ball 2-1: DOUBLE (Flyball, 8RXD)
|
Pitching: RHP Walt Davis
|
|
Batting: SHB Denver Harmon
|
0-0: Called Strike 0-1: Ball 1-1: Ball 2-1: Foul Ball, location: 2F 2-2: Strikes out looking
|
Batting: LHB Christian Peterson
|
0-0: Ball 1-0: Ground out 1-3 (Groundball, 15)
|
Top of the 6th over - 0 run(s), 1 hit(s), 0 error(s), 1 left on base; Michigan 0 - Ohio State 1 |
BOTTOM OF THE 6TH |
Ohio State Buckeyes batting - Pitching for Michigan Wolverines : RHP Javier Rico
|
Batting: SHB Thomas Simmons
|
0-0: SINGLE (Line Drive, 7S)
|
Batting: RHB Gabriel Soto
|
0-0: Swinging Strike 0-1: Ball 1-1: Ball Thomas Simmons is caught stealing 2nd base 2-1: Foul Ball, location: 2F 2-2: Reached on error, E5 (Groundball, 5S)
|
Batting: LHB Frank García
|
0-0: Ball 1-0: Ball 2-0: Foul Ball, location: 2F 2-1: Swinging Strike 2-2: Foul Ball, location: 2F 2-2: Strikes out looking
|
Batting: RHB Júlio Morales
|
0-0: Ball 1-0: Fly out, F8 (Flyball, 8RM)
|
Bottom of the 6th over - 0 run(s), 1 hit(s), 1 error(s), 1 left on base; Michigan 0 - Ohio State 1 |
TOP OF THE 7TH |
Michigan Wolverines batting - Pitching for Ohio State Buckeyes : RHP Walt Davis
|
Batting: RHB Mario Silva
|
0-0: Ball 1-0: Ball 2-0: Called Strike 2-1: Ball 3-1: Base on Balls
|
Batting: RHB Ray Robertson
|
0-0: Swinging Strike 0-1: Bunted foul 0-2: Strikes out swinging
|
Batting: SHB Juan Carlos Mesa
|
0-0: Called Strike 0-1: 2-RUN HOME RUN (Flyball, 89XD), Distance : 391 ft
|
Batting: RHB Paul Gordon
|
0-0: Ground out 4-3 (Groundball, 4)
|
Batting: RHB Enrique Ferreira
|
0-0: Called Strike 0-1: Foul Ball, location: 2F 0-2: Ball 1-2: Fly out, F8 (Flyball, 8RM)
|
Top of the 7th over - 2 run(s), 1 hit(s), 0 error(s), 0 left on base; Michigan 2 - Ohio State 1 |
BOTTOM OF THE 7TH |
Ohio State Buckeyes batting - Pitching for Michigan Wolverines : RHP Javier Rico
|
Batting: SHB Jorge Rodríguez
|
0-0: Ball 1-0: Fly out, F9 (Flyball, 9M)
|
Pitching: RHP Ray Robbins
|
|
Batting: SHB Devin Smith
|
0-0: Ball 1-0: Ball 2-0: Called Strike 2-1: SOLO HOME RUN (Flyball, 8RXD), Distance : 383 ft
|
Batting: SHB Tony Patterson
|
0-0: Ball 1-0: Fly out, F8 (Flyball, 8RM)
|
Batting: LHB Matt Ruskin
|
0-0: SINGLE (Groundball, 4M)
|
Batting: RHB Santiago Gutiérrez
|
0-0: Ball 1-0: Ball 2-0: Called Strike 2-1: Foul Ball, location: 2F 2-2: Ground out 5-3 (Groundball, 5L)
|
Bottom of the 7th over - 1 run(s), 2 hit(s), 0 error(s), 1 left on base; Michigan 2 - Ohio State 2 |
TOP OF THE 8TH |
Michigan Wolverines batting - Pitching for Ohio State Buckeyes : RHP Walt Davis
|
Batting: RHB Norman Calver
|
0-0: Called Strike 0-1: Ball 1-1: Ball 2-1: Foul Ball, location: 2F 2-2: Foul Ball, location: 2F 2-2: Fly out, F9 (Line Drive, 89M)
|
Pitching: LHP Howard Mack
|
|
Batting: LHB Sergio Luna
|
0-0: Called Strike 0-1: Ball 1-1: SINGLE (Groundball, 56D)
|
Batting: SHB Denver Harmon
|
0-0: Foul Ball, location: 2F 0-1: Foul Ball, location: 2F 0-2: Ball 1-2: Foul Ball, location: 2F 1-2: Ball 2-2: Ball 3-2: Strikes out swinging Sergio Luna is caught stealing 2nd base Batter strikes out.
|
Top of the 8th over - 0 run(s), 1 hit(s), 0 error(s), 0 left on base; Michigan 2 - Ohio State 2 |
BOTTOM OF THE 8TH |
Ohio State Buckeyes batting - Pitching for Michigan Wolverines : RHP Ray Robbins
|
Batting: SHB Thomas Simmons
|
0-0: Ball 1-0: Foul Ball, location: 2F 1-1: Swinging Strike 1-2: Ball 2-2: Ball 3-2: Foul Ball, location: 2F 3-2: Strikes out swinging
|
Batting: RHB Gabriel Soto
|
0-0: Fly out, F8 (Flyball, 8RS)
|
Batting: LHB Frank García
|
0-0: SINGLE (Groundball, 6MD) (infield hit)
|
Batting: RHB Júlio Morales
|
0-0: Ball 1-0: Ball 2-0: Ball Wild Pitch! Frank García to second 3-0: SINGLE (Line Drive, 34D) Frank García to third Runner from 3rd tries for Home, SAFE, no throw or cutoff
|
Batting: SHB Jorge Rodríguez
|
0-0: Ball 1-0: Swinging Strike 1-1: Swinging Strike 1-2: Ball 2-2: Foul Ball, location: 2F 2-2: Ground out 2-3 (Groundball, 23)
|
Bottom of the 8th over - 1 run(s), 2 hit(s), 0 error(s), 1 left on base; Michigan 2 - Ohio State 3 |
TOP OF THE 9TH |
Michigan Wolverines batting - Pitching for Ohio State Buckeyes : LHP Howard Mack
|
Pitching: RHP Bartolo Villarreal
|
|
Now at C: Junior Nájera
|
|
Batting: LHB Christian Peterson
|
0-0: Ball 1-0: Called Strike 1-1: SINGLE (Flyball, 8RS)
|
Batting: RHB Mario Silva
|
0-0: Ball 1-0: Ball 2-0: Foul Ball, location: 2F 2-1: Foul Ball, location: 2F 2-2: Ball 3-2: Foul Ball, location: 2F 3-2: SINGLE (Groundball, 56) Christian Peterson to second
|
Pitching: RHP Roger Stewart
|
|
Pinch Hitting: RHB Vincente León
|
Reached via error on a dropped throw, E6 Christian Peterson to third Mario Silva to second
|
Pinch Hitting: RHB Buck Charles
|
0-0: Ball 1-0: Ball 2-0: Swinging Strike 2-1: Swinging Strike 2-2: Strikes out swinging
|
Batting: RHB Paul Gordon
|
0-0: Called Strike 0-1: Foul Ball, location: 2F 0-2: Strikes out looking
|
Batting: RHB Enrique Ferreira
|
0-0: Swinging Strike 0-1: Called Strike 0-2: Ball 1-2: Strikes out swinging
|
Top of the 9th over - 0 run(s), 2 hit(s), 1 error(s), 3 left on base; Michigan 2 - Ohio State 3 |
|